 Dungeon Crawl Stone Soup version 0.28-a0-119-ga52ba8600a (webtiles) character file.

Game seed: 6618108658164583268

16 voltaire321 the Insei (level 2, -7/18 HPs)
             Began as an Octopode Transmuter on Aug 14, 2021.
             Mangled by Natasha (9 damage)
             ... on level 2 of the Dungeon.
             The game lasted 00:02:07 (998 turns).

voltaire321 the Insei (Octopode Transmuter)          Turns: 998, Time: 00:02:07

Health: -7/18      AC:  1    Str:  9    XL:     2   Next: 54%
Magic:  4/5        EV: 13    Int: 15    God:
Gold:   11         SH:  0    Dex: 12    Spells: 2/5 levels left

rFire   . . .      SeeInvis .   a - +0 short sword
rCold   . . .      Faith    .   (no shield)
rNeg    . . .      Spirit   .   (helmet currently unavailable)
rPois   .          Reflect  .   (no amulet)
rElec   .          Harm     .   (no ring)
rCorr   .          Rampage  .   (no ring)
Will    .....                   (no ring)
Stlth   ++........              (no ring)
HPRegen 0.06/turn               (no ring)
MPRegen 0.09/turn               (no ring)
                                (no ring)
                                (no ring)

@: appendages
A: tentacle spike 3, almost no armour, amphibious, 8 rings, camouflage 1,
gelatinous body 1, (nimble swimmer 1), tentacles
a: End Transformation


You were on level 2 of the Dungeon.
One of your tentacles had grown a beastly spike.
You visited 1 branch of the dungeon, and saw 2 of its levels.

You collected 11 gold pieces.

Inventory:

Hand Weapons
 a - a +0 short sword (weapon)
Scrolls
 d - a scroll of amnesia {unknown}
Potions
 b - a potion of attraction {unknown}
 c - a potion of heal wounds {unknown}
 e - a potion of curing {unknown}


   Skills:
 + Level 1.3 Fighting
 + Level 2.2 Dodging
 + Level 3.1 Unarmed Combat
 + Level 2.2 Spellcasting
 + Level 2.2 Transmutations


You had 2 spell levels left.
You knew the following spells:

 Your Spells              Type           Power      Damage    Failure   Level
a - Beastly Appendage     Tmut           16%        N/A       9%          1
b - Wereblood             Tmut           8%         N/A       13%         2

Your spell library contained the following spells:

 Spells                   Type           Power      Damage    Failure   Level
 Spider Form              Tmut/Pois      2%         N/A       38%         3
 Ice Form                 Ice/Tmut       5%         N/A       80%         4


Dungeon Overview and Level Annotations

Branches:
Dungeon (1/15)

Altars:

Annotations:
D:2 Natasha


Innate Abilities, Weirdness & Mutations

One of your tentacles has grown a beastly spike.
You cannot wear most types of armour.
You are amphibious.
You can wear up to eight rings at the same time.
Your skin changes colour to match your surroundings (Stealth+).
Your rubbery body absorbs attacks. (AC +1, EV +1)
((You are camouflaged near water. (Stealth+)))
You have tentacles for arms and can constrict up to eight enemies at once.


Message History

You squeeze the hobgoblin, but do no damage.
The hobgoblin is heavily wounded.
You constrict the hobgoblin, but do no damage.
The hobgoblin hits you.
You hit the hobgoblin.
You kill the hobgoblin!
You start resting.
Magic restored.
Your transformation is almost over.
Your tentacle spike disappears.
HP restored.
A kobold comes into view. It is wielding a +0 club.
You fall into a shaft and drop 1 floor!
The shaft crumbles and collapses.
A rat comes into view.
You hit the rat.
You kill the rat!
Found 22 sling bullets.
You see here 22 sling bullets.
Natasha, Servant of Life and Death comes into view.
Casting: Beastly Appendage (safe; 9% risk of failure)
Confirm with . or Enter, or press ? or * to list all spells.
One of your tentacles grows a vicious spike.
Natasha hisses angrily.
Natasha claws you!
You hit Natasha. You grab Natasha.
You pierce Natasha.
Natasha is moderately wounded.
You constrict Natasha, but do no damage.
Natasha mewls in sadness.
Natasha claws you!
Ouch! That really hurt!
* * * LOW HITPOINT WARNING * * *
You barely miss Natasha.
Natasha is moderately wounded.
You constrict Natasha. Natasha closely misses you.
You hit Natasha.
Natasha is heavily wounded.
You constrict Natasha. Natasha claws you!
Ouch! That really hurt!
You die...

#.####.##.#
#.##......#
#....#.####
#.####.#
#.# #.#
#.####.###
#........#
########.##
#@.# ##h#
.# .# .# ##


You could see Natasha.

Vanquished Creatures
  2 ball pythons (D:1)
  An endoplasm (D:1)
  A goblin (D:1)
  A hobgoblin (D:1)
  4 jackals (D:1)
  A frilled lizard (D:1)
  2 kobolds (D:1)
  2 rats
14 creatures vanquished.

Notes
Turn   | Place    | Note
-------+----------+-------------------------------------------
     0 | D:1      | voltaire321 the Octopode Transmuter began the quest for the
                  | Orb.
     0 | D:1      | Reached XP level 1. HP: 13/13 MP: 3/3
   512 | D:1      | Reached XP level 2. HP: 18/18 MP: 3/5
   518 | D:1      | Learned a level 2 spell: Wereblood
   643 | D:1      | Found a faded altar of an unknown god.
   924 | D:1      | You fall into a shaft and drop 1 floor!
   992 | D:2      | Noticed Natasha
   998 | D:2      | Mangled by Natasha

Illustrated notes

Levels and vault maps discovered:
D:1:      scummos_arrival_gate, layout_basic,
          hellmonk_ecumenical_altar_lost_god, minmay_hexomino_f4
D:2:      layout_loops_corners, kennysheep_cross_bottleneck, minmay_tall_x,
          uniq_natasha

Action                   || total
-------------------------++-------
Melee: Unarmed           ||    18
       Constrict         ||     8
       Short sword       ||    27
       Kick              ||     4
       Tentacles         ||     4
 Cast: Beastly Appendage ||     8
Armor: Skin              ||     1
Dodge: Dodged            ||    34

Table legend: (Time is in decaauts)
 A = Elapsed time spent in this place.
 B = Non-inter-level travel time spent in this place.
 C = Inter-level travel time spent in this place.
 D = Time resting spent in this place.
 E = Time spent auto-exploring this place.
 F = Levels seen in this place.
 G = Mean time per level.
                   A        B        C        D        E       F      G
               +--------+--------+--------+--------+--------+-----+--------+
         Total |    999 |    999 |      0 |    286 |    516 |   2 |  499.5 |
       Dungeon |    999 |    999 |      0 |    286 |    516 |   2 |  499.5 |
               +--------+--------+--------+--------+--------+-----+--------+

Top non-repeatable levels by time:
     D:1: 925 daAuts
     D:2: 74 daAuts
